 Dungeon Crawl Stone Soup version 0.22-a0-136-g83a10e5 (webtiles) character file.

322 Alarkh the Slasher (level 6, -4/39 HPs)
             Began as a Gargoyle Monk on Feb 4, 2018.
             Was an Elder of Zin.
             Slain by a wyvern (9 damage)
             ... on level 4 of the Dungeon.
             The game lasted 00:04:03 (3282 turns).

Alarkh the Slasher (Gargoyle Monk)                  Turns: 3282, Time: 00:04:03

Health: -4/39      AC:  9    Str: 19    XL:     6   Next: 47%
Magic:  7/7        EV: 12    Int: 13    God:    Zin [****..]
Gold:   234        SH:  0    Dex:  8    Spells: 5/5 levels left

rFire    + . .     SeeInvis .   q - +0 long sword
rCold    . . .     Gourm    .   (no shield)
rNeg     + . .     Faith    .   o - +2 leather armour {rF+}
rPois    ∞         Spirit   .   (no helmet)
rElec    +         Reflect  .   (no cloak)
rCorr    .         Harm     .   (no gloves)
MR       .....                  (no boots)
Stlth    +.........             (no amulet)
HPRegen  0.13/turn              d - -4 ring of dexterity
MPRegen  0.10/turn              (no ring)

@: mighty
A: negative energy resistance 1, electricity resistance, unbreathing,
petrification resistance, rot immunity, AC +4
a: Recite, Vitalisation, Imprison, Donate Gold, Renounce Religion


You were on level 4 of the Dungeon.
You worshipped Zin.
Zin was greatly pleased with you.
You were not hungry.

You visited 1 branch of the dungeon, and saw 4 of its levels.

You collected 259 gold pieces.
You donated 25 gold pieces to Zin.

Inventory:

Hand Weapons
 a - a +0 falchion
 q - a +0 long sword (weapon)
Armour
 o - a +2 leather armour of fire resistance (worn)
Jewellery
 d - a -4 ring of dexterity (left hand)
Scrolls
 e - a scroll of identify
 g - a scroll of enchant weapon {unknown}
 k - 5 scrolls of remove curse
 l - 2 scrolls of teleportation {unknown}
 m - 2 scrolls of amnesia {unknown}
 n - a scroll of noise {unknown}
 p - a scroll of magic mapping {unknown}
Potions
 f - a potion of might
 h - a potion of brilliance
 i - 2 potions of curing {unknown}
 j - a potion of heal wounds {unknown}
 r - a potion of haste {unknown}
Comestibles
 b - 2 chunks of flesh
 c - 5 rations


   Skills:
 + Level 4.3 Fighting
 * Level 4.4 Long Blades
 + Level 2.6 Armour
 + Level 3.2 Dodging
 - Level 2.1 Stealth
 + Level 1.7 Invocations


You had 5 spell levels left.
You didn't know any spells.

Dungeon Overview and Level Annotations

Branches:
Dungeon (4/15)
 Temple: D:4-7

Altars:
Nemelex Xobeh
Trog
Yredelemnul
Zin


Innate Abilities, Weirdness & Mutations

You are resistant to torment.
Your stone body is resilient. (AC +4)
You are immune to poison.
You resist negative energy. (rN+)
You are resistant to electric shocks. (rElec)
You can survive without breathing.
You are immune to petrification.
You are immune to rotting.


Message History

You see here a robe.
You see here a robe.
A wyvern comes into view.
The wyvern hisses angrily.
You hit the wyvern.
The wyvern is lightly wounded.
The wyvern bites you but does no damage.
The wyvern barely misses you.
A wyvern is nearby!
You hit the wyvern but do no damage.
The wyvern is lightly wounded.
The wyvern bites you. The wyvern bites you!
You feel very mighty all of a sudden. The wyvern bites you!
You slash the wyvern!
The wyvern is heavily wounded.
The wyvern bites you!
* * * LOW HITPOINT WARNING * * *
The wyvern bites you!
You die...

#####...####.........##.#.
##.## ##.......###).# #.#
##.....## ##.# #.# ##...##
#.# #.#########+#######.#
#. #................#
#.#####..##......#
#.##.#####..##.###.##
#..l@...##.>.#.# #.#
####.##.#......###.#
#.##.##.........#
#........##[#####
####.######.# #........#
##########


You could see a wyvern.

Vanquished Creatures
  A howler monkey (D:4)
  3 orc priests (D:3)
  An orc wizard (D:3)
  7 adders
  An ooze (D:3)
  3 worms
  2 dart slugs
  5 leopard geckos
  10 orcs
  8 bats
  3 giant cockroaches
  7 goblins
  4 hobgoblins (D:2)
  3 jackals (D:2)
  A quokka (D:3)
  A ball python (D:1)
  4 frilled lizards
  11 kobolds
  9 rats
84 creatures vanquished.

Notes
Turn   | Place    | Note
-------+----------+-------------------------------------------
     0 | D:1      | Alarkh the Gargoyle Monk began the quest for the Orb.
     0 | D:1      | Reached XP level 1. HP: 14/14 MP: 1/1
     1 | D:1      | Noticed an electric eel
   212 | D:1      | Reached XP level 2. HP: 17/19 MP: 2/2
   722 | D:2      | Reached skill level 1 in Armour
   775 | D:2      | HP: 1/28 [adder (1)]
   776 | D:2      | Reached XP level 3. HP: 1/23 MP: 3/3
  1515 | D:2      | Found a glowing silver altar of Zin.
  1522 | D:2      | Found a sparkling altar of Nemelex Xobeh.
  1522 | D:2      | Found a basalt altar of Yredelemnul.
  1523 | D:2      | Found a bloodstained altar of Trog.
  1525 | D:2      | Reached XP level 4. HP: 27/29 MP: 4/4
  1529 | D:2      | Became a worshipper of Zin the Law-Giver
  1529 | D:2      | Reached * piety under Zin
  1529 | D:2      | Reached ** piety under Zin
  1720 | D:2      | Reached *** piety under Zin
  2143 | D:3      | Reached XP level 5. HP: 26/33 MP: 5/5
  2272 | D:3      | Reached skill level 1 in Invocations
  2471 | D:3      | Reached XP level 6. HP: 38/38 MP: 5/7
  2898 | D:4      | Noticed a moth of wrath
  2901 | D:4      | Found a bloodstained altar of Trog.
  3254 | D:4      | Reached **** piety under Zin
  3278 | D:4      | Noticed a wyvern
  3282 | D:4      | Slain by a wyvern

Vault maps used:
D:1:      arrival_aquarium_a
D:2:      grunt_temple_overflow_open, minmay_pentomino_v2
D:3:      serial_curves, eino_curves_03, eino_curves_01,
          minmay_misc_feat_pillars
D:4:      temple_hall, first_ration, tgw_trog, uniq_edmund

Skill      XL: |  1  2  3  4  5 |
---------------+----------------+-----
Long Blades    | 3 4 |  4.4
Armour         | 1 2 |  2.6
Dodging        | 3 |  3.2
Fighting       | 4 |  4.3
Invocations    | 1 |  1.7
Stealth        | |  2.1

Action                   |  1- 3 |  4- 6 || total
-------------------------+-------+-------++-------
Melee: Falchion          |   122 |   183 ||   305
       Long sword        |       |    16 ||    16
Invok: Recite            |       |     4 ||     4
  Use: Potion            |     1 |     1 ||     2
       Scroll            |       |     3 ||     3
 Stab: Sleeping          |     2 |     3 ||     5
       Confused          |       |     3 ||     3
  Eat: Chunk             |     2 |     6 ||     8
Armor: Robe              |    29 |    33 ||    62
       Leather armour    |       |    32 ||    32
Dodge: Dodged            |   103 |   137 ||   240
       Rpst.: Falchion   |    37 |    42 ||    79
       Long sword        |       |     5 ||     5

Table legend:
 A = Spawn XP
 B = Non-spawn XP
 C = Spawn XP percentage of total XP
 D = Spawn monster count
 E = Non-spawn monster count
 F = Spawn count percentage of total count
 G = Total turns spent on level
                    A         B        C        D         E        F      G
               +---------+---------+-------+---------+---------+-------+---------
         Total |       0 |     461 |   0.0 |       0 |      84 |   0.0 |  3282
               +---------+---------+-------+---------+---------+-------+---------
           D:1 |       0 |      19 |   0.0 |       0 |      13 |   0.0 |   708
           D:2 |       0 |     128 |   0.0 |       0 |      36 |   0.0 |  1307
           D:3 |       0 |     235 |   0.0 |       0 |      23 |   0.0 |   671
           D:4 |       0 |      79 |   0.0 |       0 |      12 |   0.0 |   596
               +---------+---------+-------+---------+---------+-------+---------
